 Dungeon Crawl Stone Soup version 0.30.1-11-g7821555f0a (webtiles) character file.

Game seed: 2945224623670554548

851 PriceMaster the Digger (level 8, -6/54 HPs)
             Began as a Formicid Earth Elementalist on Jan 6, 2024.
             Mangled by a gnoll sergeant
             ... wielding a +3 vampiric trident
              (9 damage)
             ... on level 5 of the Dungeon.
             The game lasted 00:24:18 (4458 turns).

PriceMaster the Digger (FoEE)                       Turns: 4458, Time: 00:24:18

Health: -6/54      AC:  4    Str: 20    XL:     8   Next: 21%
Magic:  2/14       EV: 12    Int: 14    God:
Gold:   344        SH:  0    Dex: 16    Spells: 7/15 levels left

rFire   . . .        v - +1 mace (holy)
rCold   . . .        h - orb {guile}
rNeg    . . .        a - +2 robe
rPois   .            (helmet unavailable)
rElec   .            (no cloak)
rCorr   .            (no gloves)
SInv    +            (no boots)
Will    .....        g - amulet of magic regeneration
Stlth   +++          t - +6 ring of strength
HPRegen 0.29/turn    (no ring)
MPRegen 0.54/turn

%: no passive effects
@: very slightly contaminated
A: permanent stasis, dig shafts and tunnels, antennae 3, four strong arms
a: Dig, Shaft Self


You were on level 5 of the Dungeon.
You visited 1 branch of the dungeon, and saw 5 of its levels.

You collected 344 gold pieces.

Inventory:

Hand Weapons
 f - a +0 halberd
 k - a +0 club
 r - a +0 dagger
 s - a +0 club
 v - a +1 mace of holy wrath (weapon)
 x - a +0 dagger
 y - a +0 club
Armour
 a - a +2 robe (worn)
 d - a +0 leather armour
 h - an orb of guile (worn)
 i - a +0 robe
 q - a +0 chain mail
Jewellery
 g - an amulet of magic regeneration (around neck)
 t - a +6 ring of strength (left hand)
Scrolls
 e - a scroll of magic mapping
 j - a scroll of fog {unknown}
 m - a scroll of poison
 n - a scroll of teleportation
 p - a scroll of vulnerability
 u - a scroll of torment {unknown}
 w - a scroll of immolation {unknown}
Potions
 b - 2 potions of brilliance {unknown}
 c - 2 potions of attraction
 l - 2 potions of degeneration {unknown}
 A - a potion of might {unknown}


   Skills:
 + Level 1.2 Fighting
 + Level 2.2 Maces & Flails
 + Level 1.0 Armour
 + Level 2.2 Dodging
 + Level 4.2 Stealth
 + Level 0.3 Unarmed Combat
 + Level 4.4 Spellcasting
 + Level 1.0 Conjurations
 + Level 1.9 Transmutations
 * Level 7.9 Earth Magic


You had 7 spell levels left.
You knew the following spells:

 Your Spells              Type           Power      Damage    Failure   Level
a - Sandblast             Erth           50%        2d12      1%          1
b - Stone Arrow           Conj/Erth      30%        3d8       9%          3
c - Petrify               Tmut/Erth      17%        N/A       24%         4

Your spell library contained the following spells:

 Spells                   Type           Power      Damage    Failure   Level
 Passwall                 Tmut/Erth      14%        N/A       3%          2
 Apportation              Tloc           6%         N/A       19%         1
 Necrotise                Necr           12%        1d4       19%         1
 Summon Small Mammal      Summ           12%        N/A       19%         1
 Summon Guardian Golem    Hex/Summ       3%         N/A       50%         3
 Orb of Destruction       Conj           3%         9d5       100%        7
 Spellforged Servitor     Conj/Summ      2%         N/A       100%        7


Dungeon Overview and Level Annotations

Branches:
Dungeon (5/15)
 Temple: D:4-7

Altars:

Shops:
D:4 =


Innate Abilities, Weirdness & Mutations

You cannot be hasted, slowed, berserked, paralysed or teleported.
You can dig through walls and to a lower floor.
You have a pair of large antennae on your head. (SInv)
Your four strong arms can wield two-handed weapons with a shield.


Message History

Confirm with . or Enter, or press ? or * to list all spells.
You don't have enough magic to cast this spell.
Unknown command.
Casting: Sandblast (safe; 1% risk of failure)
Confirm with . or Enter, or press ? or * to list all spells.
Aiming: Sandblast (safe; 1% risk of failure)
Press: ? - help, Shift-Dir - straight line, f/p - gnoll sergeant
Aim: a gnoll sergeant, wielding a +3 vampiric trident, wearing a +0 scale mail and wearing a +0 kite shield (heavily wounded, 90% to hit)
The blast of sand hits the gnoll sergeant!
The gnoll sergeant is almost dead.
The gnoll sergeant closely misses you.
The gnoll sergeant completely misses you.
You feel better. The gnoll sergeant barely misses you.
Casting: Sandblast (safe; 1% risk of failure)
Confirm with . or Enter, or press ? or * to list all spells.
Aiming: Sandblast (safe; 1% risk of failure)
Press: ? - help, Shift-Dir - straight line, f/p - gnoll sergeant
Aim: a gnoll sergeant, wielding a +3 vampiric trident, wearing a +0 scale mail and wearing a +0 kite shield (almost dead, 90% to hit)
The gnoll sergeant blocks the blast of sand.
The gnoll sergeant hits you with a +3 vampiric trident!
* * * LOW HITPOINT WARNING * * *
The gnoll sergeant draws strength from your wounds!
Casting: Sandblast (safe; 1% risk of failure)
Confirm with . or Enter, or press ? or * to list all spells.
You don't have enough magic to cast this spell.
Casting: Sandblast (safe; 1% risk of failure)
Confirm with . or Enter, or press ? or * to list all spells.
You don't have enough magic to cast this spell.
Okay, then.
Casting: Sandblast (safe; 1% risk of failure)
Confirm with . or Enter, or press ? or * to list all spells.
Aiming: Sandblast (safe; 1% risk of failure)
Press: ? - help, Shift-Dir - straight line, f/p - gnoll sergeant
Aim: a gnoll sergeant, wielding a +3 vampiric trident, wearing a +0 scale mail and wearing a +0 kite shield (severely wounded, 90% to hit)
The blast of sand hits the gnoll sergeant but does no damage.
The gnoll sergeant is severely wounded.
The gnoll sergeant hits you with a +3 vampiric trident!
* * * LOW HITPOINT WARNING * * *
The gnoll sergeant hits you with a +3 vampiric trident!
You die...

......###.............#
......# #.............#
......####............#
........##.##.........##
......#....###.##.....[#
.....##....# #..#......#
..#..##....###.........##
#.##†##................†##
#........##.....@g..))).)###
##......##.....#########.).#
.........#....## ♣ ###)###
.....##..#....# { .{ #...##
###..#........# #..♣ ###g.#
###..........## #....♣♣ ##.#
....>........# #..♣..)♣♣#.#
....#........# {
'...g.gg...# ....#.......##
#.♣g.g.♣♣###


You could see a gnoll sergeant.

Vanquished Creatures
  An ice beast (D:5)
  An ogre (D:4)
  A kobold brigand (D:4)
  A scorpion (D:5)
  4 orc priests
  2 hounds
  Terence (D:3)
  2 iguanas (D:5)
  An orc wizard (D:3)
  8 adders
  10 gnolls (D:5)
  2 white imps (D:5)
  A worm (D:2)
  A dart slug (D:1)
  7 orcs
  6 ball pythons
  5 endoplasms
  A giant cockroach (D:3)
  8 goblins
  9 hobgoblins
  5 jackals
  2 quokkas
  5 bats
  4 frilled lizards
  4 kobolds
  12 rats
104 creatures vanquished.

Notes
Turn   | Place    | Note
-------+----------+-------------------------------------------
     0 | D:1      | PriceMaster the Formicid Earth Elementalist began the quest
                  | for the Orb.
     0 | D:1      | Reached XP level 1. HP: 13/13 MP: 3/3
   322 | D:1      | Reached skill level 4 in Earth Magic
   388 | D:1      | Reached XP level 2. HP: 19/19 MP: 0/5
   537 | D:1      | You fall into a shaft and drop 1 floor!
   810 | D:2      | Reached XP level 3. HP: 19/24 MP: 2/6
  1056 | D:2      | Reached XP level 4. HP: 30/30 MP: 6/8
  1623 | D:2      | Learned a level 3 spell: Stone Arrow
  1756 | D:2      | Reached skill level 1 in Armour
  1816 | D:2      | Found a faded altar of an unknown god.
  2011 | D:3      | Reached skill level 5 in Earth Magic
  2138 | D:3      | Noticed Terence
  2142 | D:3      | Killed Terence
  2143 | D:3      | Reached XP level 5. HP: 35/35 MP: 5/9
  2356 | D:3      | Learned a level 4 spell: Petrify
  2886 | D:4      | Found Lere's Jewellery Boutique.
  2899 | D:4      | Reached skill level 6 in Earth Magic
  2899 | D:4      | Reached XP level 6. HP: 42/42 MP: 1/10
  3210 | D:4      | Noticed an ogre
  3219 | D:4      | Killed an ogre
  3220 | D:4      | Reached skill level 1 in Maces & Flails
  3243 | D:4      | Reached XP level 7. HP: 28/47 MP: 4/12
  3518 | D:4      | Reached skill level 1 in Fighting
  3587 | D:5      | Entered Level 5 of the Dungeon
  3636 | D:5      | Reached skill level 7 in Earth Magic
  4169 | D:5      | Reached skill level 1 in Conjurations
  4169 | D:5      | Reached XP level 8. HP: 47/54 MP: 1/14
  4458 | D:5      | Mangled by a gnoll sergeant

Illustrated notes

Levels and vault maps discovered:
D:1:      onia_arrival_pyramid, layout_basic
D:2:      minmay_thinvault, layout_basic,
          shapermc_ecumenical_altar_mp_ritualfount, eino_curves_04,
          minmay_between
D:3:      layout_loops_ring, kennysheep_nondescript, minivault_25, uniq_terence
D:4:      layout_basic, serial_shops, nicolae_shop_gaudy_bauble
D:5:      layout_cave_pools, pf_guarded_unrand_woodcutter

Skill      XL: |  1  2  3  4  5  6  7 |
---------------+----------------------+-----
Earth Magic    | 4 5 6 7 |  7.9
Dodging        | 2 |  2.2
Armour         | 1 |  1.0
Spellcasting   | 3 4 |  4.4
Maces & Flails | 1 2 |  2.2
Stealth        | 3 4 |  4.2
Fighting       | 1 |  1.2
Conjurations   | 1 |  1.0
Unarmed Combat | |  0.3
Transmutations | |  1.9

Action                     |  1- 3 |  4- 6 |  7- 9 || total
---------------------------+-------+-------+-------++-------
  Melee: Unarmed           |    24 |       |       ||    24
         Punch             |     1 |       |       ||     1
         Club              |    16 |    48 |       ||    64
         Halberd           |       |     6 |       ||     6
         Mace              |       |    37 |    48 ||    85
   Cast: Sandblast         |    33 |    44 |    25 ||   102
         Stone Arrow       |       |    20 |    29 ||    49
         Petrify           |       |     5 |    17 ||    22
Ability: Shaft Self        |     1 |       |       ||     1
         Dig               |       |     2 |       ||     2
    Use: Potion            |     3 |     5 |     4 ||    12
         Scroll            |     1 |     6 |     2 ||     9
   Stab: Sleeping          |     2 |       |       ||     2
         Petrified         |       |     4 |    24 ||    28
         Petrifying        |       |     2 |     1 ||     3
 Armour: Robe              |     3 |    26 |     6 ||    35
         Leather armour    |    13 |     2 |       ||    15
         Chain mail        |       |    12 |       ||    12
  Dodge: Dodged            |    35 |    74 |    32 ||   141
